[Event "Croatian 1A League 2022"]
[Site "Porec"]
[Date "2022.09.24"]
[Round "1.1"]
[White "Shevchenko, Kirill"]
[Black "Saric, Ivan"]
[Result "0-1"]
[ECO "A21"]
[WhiteElo "2645"]
[BlackElo "2668"]
[Annotator "TA"]
[PlyCount "56"]
[EventDate "2022.09.24"]
[EventType "team-tourn"]
[EventCountry "CRO"]
[SourceTitle "playchess.com"]
[Source "ChessBase"]
[SourceQuality "1"]
[TimeControl "40/5400+30:1800+30"]

1. c4 e5 2. g3 g6 3. Bg2 Bg7 4. Nc3 d6 5. d3 Ne7 6. e3 O-O 7. Nge2 {[%emt 0:00:02] A21: English Opening: 1...e5 2 Nc3.} c5 $5 {[%emt 0:00:30][%mdl 4] Exploring less charted territory.} 8. a3 Nbc6 9. b4 {[%emt 0:00:30] The position is equal.} cxb4 10. axb4 Nxb4 11. Ba3 {[%emt 0:00:35] [#]} Nec6 $146 ({Predecessor:} 11... Nbc6 12. O-O Be6 13. Rb1 Qd7 14. Ne4 Nc8 15. N2c3 a6 16. Ng5 Bf5 17. Nd5 Be6 {0-1 (63) Klekowski,M (2473)-Nurkiewicz,M (2334) Zgierz 2019}) 12. O-O a5 13. Nb5 Bf5 14. Bxb4 (14. e4 $11 Bg4 15. h3) 14... Nxb4 $17 15. Bxb7 Bxd3 (15... Rb8 $17 16. Be4 Bg4) 16. Bxa8 $15 Qxa8 17. Ra3 (17. Nbc3 $17) 17... Bxc4 $19 18. Nxd6 Be6 {[%emt 0:00:30] [#] White must now prevent ...Bh3. This bishop pair is nice.} ({Weaker is} 18... Rd8 19. Nxc4 Rxd1 20. Rxd1) 19. e4 (19. Qb1 $142) 19... Rd8 20. Qa4 Bf8 ({Not} 20... Rxd6 21. Qxb4 axb4 22. Rxa8+ Bf8 23. Rb1 $15) 21. Qxa5 Qxa5 22. Rxa5 Rxd6 23. Rb1 $2 (23. Rxe5 Bc4 24. Nf4) 23... Rd2 24. Nc3 Kg7 25. Rb5 (25. Rxe5 {keeps fighting.} Nd3 26. Rxe6 fxe6 27. Rd1 Rxd1+ 28. Nxd1) 25... Rc2 26. Nd1 Nd3 27. Ne3 Rxf2 {[%emt 0:01:30] [#] And now ...Re2 would win.} 28. Rd1 Rb2 {[%emt 0:00:30] Weighted Error Value: White=0.47/Black=0.23 (precise)} 0-1

[Event "Croatian 1A League 2022"]
[Site "Porec"]
[Date "2022.09.24"]
[Round "1.2"]
[White "Banusz, Tamas"]
[Black "Erdos, Viktor"]
[Result "1/2-1/2"]
[ECO "E06"]
[WhiteElo "2622"]
[BlackElo "2597"]
[Annotator "TA"]
[PlyCount "40"]
[EventDate "2022.09.24"]
[EventType "team-tourn"]
[EventCountry "CRO"]
[SourceTitle "playchess.com"]
[Source "ChessBase"]
[SourceQuality "1"]
[TimeControl "40/5400+30:1800+30"]

1. Nf3 Nf6 2. g3 d5 3. Bg2 e6 4. c4 Be7 5. d4 O-O 6. Nc3 dxc4 7. Ne5 {[%emt 0:12:30] The position is equal.} Qd6 {[%emt 0:05:30] E06: Closed Catalan: Early deviations.} 8. O-O Qa6 9. a4 Nbd7 10. Nb5 Nxe5 11. dxe5 Rd8 12. exf6 Rxd1 13. Rxd1 Bd6 (13... gxf6 $2 14. Nxc7 Qa5 15. Nxa8 $18) 14. Bf4 $1 Qa5 15. Bd2 $36 {[%emt 0:00:30][%mdl 2048] [#] White is more active.} Qb6 $5 $146 {[%emt 0:00:30][%mdl 8] An interesting novelty.} ({Predecessor:} 15... Qa6 16. Bc3 Qb6 17. Bd4 Qa5 18. Bc3 Qb6 19. Bd4 Qa5 20. Bc3 Qb6 {½-½ (20) Maghsoodloo,P (2674)-Wang,H (2758) Caleta 2020}) 16. Be3 Qa5 17. Bd2 Qb6 18. Be3 Qa5 19. Bd2 Qb6 20. Be3 Qa5 {[%emt 0:00:30] An even fight not without its subleties.  Weighted Error Value: White=0.00 (flawless) /Black=0.00 (flawless)} 1/2-1/2

[Event "Croatian 1A League 2022"]
[Site "Porec"]
[Date "2022.09.24"]
[Round "1.3"]
[White "Muse, Drazen"]
[Black "Balogh, Csaba"]
[Result "0-1"]
[ECO "E14"]
[WhiteElo "2311"]
[BlackElo "2583"]
[Annotator "TA"]
[PlyCount "110"]
[EventDate "2022.09.24"]
[EventType "team-tourn"]
[EventCountry "CRO"]
[SourceTitle "playchess.com"]
[Source "ChessBase"]
[SourceQuality "1"]
[TimeControl "40/5400+30:1800+30"]

1. d4 Nf6 2. Nf3 e6 3. e3 b6 4. Bd3 Bb7 5. O-O c5 6. c4 Be7 7. Nc3 cxd4 8. exd4 d5 9. cxd5 Nxd5 10. Bb5+ Bc6 11. Qa4 Qd7 $1 {[%emt 0:00:30] ...Nxc3 is the strong threat. 11...Qd7 is better than 11...Bxb5.} 12. Nxd5 {[%emt 0:03:30] E14: Queen's Indian: Classical Variation (4 e3).} Qxd5 13. Bxc6+ Nxc6 14. Be3 {[%emt 0:02:30] The position is equal.} b5 $5 {[%emt 0:22:30][%mdl 4] Leaves trodden paths.} 15. Qa6 Nb4 16. Qa5 Nc6 17. Qa6 O-O 18. Rfc1 Nb4 $36 {[%emt 0:01:30][%mdl 2048] Black is more active.} 19. Qa5 Bd6 20. Rc3 Nc6 {[%emt 0:01:30] Black is more active.} 21. Qa6 Nb4 ({Black should try} 21... Ne7 $15) 22. Qa5 $1 $17 {[%emt 0:00:00] [#]} Rab8 $146 {[%emt 0:19:14] Threatens to win with ...Nc6.} ({Predecessor:} 22... Rfb8 23. Ne5 f6 24. Nd7 Rb7 25. Nc5 Nc6 26. Qa3 b4 27. Qa4 bxc3 28. Nxb7 Rb8 29. Nc5 cxb2 30. Rb1 Bxc5 31. dxc5 Qd3 {0-1 (27) Frey Beckman,K (2480)-Yudasin,L (2405) Budapest 1982}) 23. Ne5 {[%emt 0:03:30] Prevents Nc6.} ({White should play} 23. Rcc1 $15) 23... Qb7 24. Rac1 Nd5 {[%emt 0:00:14] White must now prevent ...Bb4.} 25. Rc6 Bb4 26. Qa6 Nxe3 27. Qxb7 Rxb7 28. fxe3 Bd2 $1 29. Rd1 Bxe3+ 30. Kf1 Rd8 31. Ke2 Bg5 32. Nf3 Bf6 33. g4 h6 34. h4 Rbd7 35. Ke3 Rd5 {[%emt 0:01:12] Inhibits g5.} 36. Ke4 g5 37. hxg5 hxg5 38. b4 R8d7 39. Rc5 Be7 (39... Bd8 $142 $1 40. Rxd5 Rxd5) 40. Rxd5 Rxd5 {[%emt 0:00:00][%mdl 4096] Endgame KRB-KRN} 41. a3 {[%emt 0:00:00] [#]} Bd8 $1 42. Rc1 (42. Ng1 $17 {is a better defense.}) 42... Bb6 $19 43. Rc8+ Kg7 44. Re8 Rd7 45. Kd3 f5 46. gxf5 exf5 {[%emt 0:00:08] Hoping for ...g4.} 47. Nxg5 Rxd4+ 48. Ke2 (48. Kc2 $142 Rg4 49. Nf3) 48... Kf6 49. Nh7+ Kg6 50. Nf8+ Kf7 51. Rb8 (51. Re5 $142 Kxf8 52. Rxf5+ Ke7 53. Rxb5) 51... Re4+ 52. Kf3 Re3+ 53. Kf4 {[%emt 0:05:30] [#]} (53. Kg2 $142 Rd3 54. Nh7) 53... Bc7+ $1 54. Kxe3 {[%emt 0:00:00] Threatening mate with Rb7.} Bxb8 55. Nd7 (55. Nh7 $19) 55... Bd6 {[%emt 0:00:06] Weighted Error Value: White=0.51/Black=0.09 (flawless)} 0-1

[Event "Croatian 1A League 2022"]
[Site "Porec"]
[Date "2022.09.24"]
[Round "1.4"]
[White "Kuljasevic, Davorin"]
[Black "Trbojevic, Mladen"]
[Result "1-0"]
[ECO "A16"]
[WhiteElo "2560"]
[BlackElo "2332"]
[Annotator "TA"]
[PlyCount "99"]
[EventDate "2022.09.24"]
[EventType "team-tourn"]
[EventCountry "CRO"]
[SourceTitle "playchess.com"]
[Source "ChessBase"]
[SourceQuality "1"]
[TimeControl "40/5400+30:1800+30"]

1. Nf3 Nf6 2. c4 g6 3. Nc3 d5 4. cxd5 Nxd5 5. h4 Bg7 6. h5 {[%emt 0:01:30] A16: English Opening: 1...Nf6 with ...d5.} Nc6 {[%emt 0:00:00] The main line 6...Nc6 scores better than 6...Nxc3.} 7. g3 e5 8. Bg2 {[%emt 0:11:30] The position is equal.} Nxc3 9. bxc3 e4 10. Nd4 Nxd4 11. cxd4 {[%emt 0:00:30] [#]} Bxd4 $146 ({Predecessor:} 11... O-O 12. e3 Re8 13. Rb1 b6 14. hxg6 hxg6 15. O-O Ba6 16. Re1 c5 17. dxc5 Bd3 {0-1 (42) Dill,X (2110)-Sorokin,A (2425) Prague 2016}) 12. Rb1 O-O 13. e3 Bf6 (13... Bg7 $14) 14. hxg6 $16 hxg6 15. Bxe4 Re8 16. Qc2 {[%emt 0:10:30][%cal Oe4g6] aiming for Bxg6!} (16. Bxb7 $2 Bxb7 17. Rh2 (17. Rxb7 $2 Qd5 $19) 17... Ba6 $19) 16... Kg7 {[%emt 0:06:30][%cal Ob7b6] [#]} 17. Bb2 $1 {[%emt 0:05:30] White is more active.} ({Not} 17. Bxb7 $2 Bxb7 18. Rxb7 Qd5 19. Rh7+ Kxh7 $19) 17... c6 18. d3 Qe7 19. Rh4 Rh8 20. Rxh8 {[%emt 0:02:30] The board is on fire.} Kxh8 21. Ke2 ({White should play} 21. f4 $16) 21... Kg7 $14 22. Bxf6+ Qxf6 23. Qb2 Qxb2+ 24. Rxb2 $11 {[%emt 0:00:30][%mdl 4096] Endgame KRB-KRB} Kf6 25. d4 Ke7 26. Bd3 Rb8 27. e4 b6 28. Ke3 Be6 29. Rc2 Kd7 30. a3 a5 31. Rc1 Rh8 32. Rb1 Kc7 33. Rc1 Kd7 34. Rb1 Kc7 35. Be2 Rb8 36. Rc1 Kd7 37. Bd3 Rh8 38. Be2 Rb8 39. Bf3 b5 40. d5 cxd5 41. exd5 Bh3 42. Kd4 b4 43. axb4 Rxb4+ 44. Kc5 Rb2 45. Bd1 Kd8 46. Ra1 Bg2 $2 (46... Rxf2 $11 {and Black has nothing to worry.} 47. Rxa5 Rd2) 47. f3 Rd2 {[%emt 0:00:50] [#]} 48. Kd6 $1 Kc8 $2 (48... Ke8 $16) 49. Rb1 $18 {[%emt 0:04:59] Black must now prevent Ba4.} Rd3 50. Be2 {[%emt 0:00:58] Weighted Error Value: White=0.07 (flawless) /Black=0.14 (very precise)} 1-0

[Event "Croatian 1A League 2022"]
[Site "Porec"]
[Date "2022.09.24"]
[Round "1.5"]
[White "Krstic, Uros"]
[Black "Jovanic, Ognjen"]
[Result "0-1"]
[ECO "C45"]
[WhiteElo "2323"]
[BlackElo "2507"]
[Annotator "TA"]
[PlyCount "55"]
[EventDate "2022.09.24"]
[EventType "team-tourn"]
[EventCountry "CRO"]
[SourceTitle "playchess.com"]
[Source "ChessBase"]
[SourceQuality "1"]
[TimeControl "40/5400+30:1800+30"]

1. e4 e5 2. Nf3 Nc6 3. d4 exd4 4. Nxd4 Bb4+ 5. c3 Bc5 6. Be3 {[%emt 0:02:30] [#] Nxc6 is the strong threat.} Bb6 {[%emt 0:00:00] C45: Scotch Game.} 7. Nd2 Nf6 {[%emt 0:09:00] Against Qg4} 8. Be2 O-O {[%emt 0:03:30] The position is equal.} 9. O-O Re8 10. Qc2 d5 11. Nxc6 bxc6 12. Bg5 h6 13. Bxf6 Qxf6 14. Bf3 Ba6 15. Rfe1 Rad8 {[%emt 0:01:30] [#]} 16. exd5 $146 ({Predecessor:} 16. Rad1 Qh4 17. g3 Qf6 18. Kg2 h5 19. h4 g6 20. b4 Bc8 21. c4 dxc4 22. Nxc4 Bd4 23. Rd3 Qe6 24. Kg1 Ba6 {½-½ (24) Ker,A (2330)-Green,E (2234) Wellington 2013}) 16... Rxe1+ 17. Rxe1 cxd5 18. Qa4 Bd3 (18... g6 $5) 19. Re8+ Rxe8 20. Qxe8+ Kh7 21. g3 Qe6 22. Qxe6 fxe6 $11 {[%emt 0:00:02][%mdl 4096] Endgame KBB-KBN} 23. Bg4 e5 24. Be6 c6 25. Bd7 e4 {[%emt 0:02:36] [#] Strongly threatening ...e3.} 26. Nf1 {[%emt 0:01:01] Prevents e3.} ({Don't go for} 26. Bxc6 $2 e3 27. fxe3 Bxe3+ 28. Kg2 Bxd2 $19) 26... c5 (26... d4 $11 27. cxd4 Bxd4) 27. Bc6 $1 $14 d4 {[%emt 0:01:13] And now ...c4 would win.} 28. Kg2 {[%emt 0:01:31] Weighted Error Value: White=0.09 (flawless) /Black=0.11 (very precise)} (28. Nd2 $14 {was forced to keep a grip.}) 0-1

[Event "Croatian 1A League 2022"]
[Site "Porec"]
[Date "2022.09.24"]
[Round "1.6"]
[White "Srbis, Jurica"]
[Black "Vernacki, Srdjan"]
[Result "0-1"]
[ECO "E43"]
[WhiteElo "2442"]
[BlackElo "2280"]
[Annotator "TA"]
[PlyCount "138"]
[EventDate "2022.09.24"]
[EventType "team-tourn"]
[EventCountry "CRO"]
[SourceTitle "playchess.com"]
[Source "ChessBase"]
[SourceQuality "1"]
[TimeControl "40/5400+30:1800+30"]

1. d4 Nf6 2. c4 e6 3. Nc3 Bb4 4. e3 b6 5. Nf3 Bb7 6. Bd3 O-O 7. O-O c5 8. a3 Bxc3 9. bxc3 Ne4 10. Qc2 f5 $1 11. Ne1 {[%emt 0:21:30] [#] E43: Nimzo-Indian: Rubinstein: 4...b6.} Nc6 $146 ({Predecessor:} 11... Ng5 12. f3 Qf6 13. a4 Nc6 14. f4 Nf7 15. Ba3 d6 16. Rb1 Na5 17. Nf3 Rfe8 18. Bb2 Rab8 {½-½ (65) Bodorkos,F (1818)-Saghy,K (1829) Hungary 2004}) 12. d5 {[%emt 0:11:30] [#]} (12. Bxe4 $15 fxe4 13. Qxe4) 12... Na5 $1 $17 13. Nf3 {[%emt 0:08:30] Black is clearly better.} exd5 {[%emt 0:15:30] Black is much more active. The white rooks are badly placed.} 14. cxd5 Bxd5 15. c4 Bb7 16. Bb2 Qe7 17. Rad1 Rad8 18. Be2 d6 19. g3 Nc6 {[%emt 0:05:30] Pair of Knights!} 20. Ne1 Ng5 21. h4 Ne4 22. Nd3 Ne5 23. Nf4 (23. Nxe5 $142 dxe5 24. Rxd8 Rxd8 25. Rd1) 23... Ng4 (23... g5 $142 24. hxg5 Bc6) 24. Qd3 ({White should try} 24. Bf3) 24... Ngf6 (24... Rde8 $142 25. Nd5 Qf7) 25. Kh2 Ng4+ 26. Kg1 Ne5 (26... Rde8 $17 27. Bf3 Qf7) 27. Nd5 (27. Qc2 $1 $11) 27... Bxd5 {[%emt 0:00:45] Black converts the advantage convincingly.} 28. Qxd5+ Kh8 29. Kg2 (29. Ra1 $17 {was necessary.}) 29... Nf6 $36 {[%emt 0:00:45][%mdl 2048] Black is in control.} 30. Qd2 {[%emt 0:00:14] [#]} Nxc4 $1 31. Bxf6 Rxf6 {[%emt 0:00:11] Chess con chili.} 32. Qd5 Ne5 ({Weaker is} 32... Nxa3 33. Qa2 $15) 33. Rd2 Qe6 34. Rfd1 Qxd5+ 35. Rxd5 Nf7 36. Bc4 g6 37. f3 Kg7 38. R5d2 Kf8 39. a4 Ne5 40. Bb5 Ke7 41. a5 a6 (41... bxa5 $2 42. Ra1 $19) 42. Bxa6 Ra8 ({But not} 42... bxa5 $2 43. Be2) 43. Be2 bxa5 ({Not} 43... Rxa5 44. Rb1) 44. Rb1 Ra7 {[%emt 0:00:30] Inhibits Rb7+.} 45. Rb8 Rf8 46. Rb6 Rd8 47. f4 Nf7 48. Bc4 (48. Ra2 $142) 48... a4 49. Bd5 Nh6 50. e4 fxe4 51. Re2 a3 52. Rxe4+ Kf8 {[%emt 0:01:14] Strongly threatening ...a2.} 53. Ba2 Re8 54. Rxe8+ Kxe8 55. Rxd6 $2 {[%emt 0:00:30][%mdl 4096] Endgame KRB-KRN} (55. g4) 55... Rd7 56. Re6+ Re7 57. Kf3 Rxe6 58. Bxe6 {[%emt 0:00:01] KB-KN} Nf5 59. Ba2 Ke7 {[%emt 0:01:27] And now ...Nd4+ would win.} 60. g4 Nd4+ 61. Ke4 Nc2 {[%emt 0:00:23] ( -> ...Nb4)} 62. f5 gxf5+ {[%emt 0:00:58] Black mates.} 63. Kxf5 Nb4 64. Bc4 a2 65. Bxa2 Nxa2 66. Ke5 Nb4 67. g5 Kf7 68. h5 Kg7 69. Ke4 h6 {[%emt 0:01:10] Weighted Error Value: White=0.57/Black=0.20 (precise)} 0-1

[Event "Croatian 1A League 2022"]
[Site "Porec"]
[Date "2022.09.24"]
[Round "1.7"]
[White "Cheparinov, Ivan"]
[Black "Donchenko, Alexander"]
[Result "1-0"]
[ECO "B92"]
[WhiteElo "2686"]
[BlackElo "2639"]
[Annotator "TA"]
[PlyCount "124"]
[EventDate "2022.09.24"]
[EventType "team-tourn"]
[EventCountry "CRO"]
[SourceTitle "playchess.com"]
[Source "ChessBase"]
[SourceQuality "1"]
[TimeControl "40/5400+30:1800+30"]

1. e4 c5 2. Nf3 d6 3. d4 cxd4 4. Nxd4 Nf6 5. Nc3 a6 6. Be2 e5 7. Nb3 Be7 8. O-O O-O 9. Qd3 Nbd7 {[%emt 0:14:30] B92: Sicilian Najdorf: 6 Be2.} 10. a4 b6 11. Bg5 {[%emt 0:13:30] [#]} h6 $146 {[%emt 0:02:30] White has an edge.} ({Predecessor:} 11... Bb7 12. Rfd1 Rc8 13. Bf3 Qc7 14. Be3 Rfe8 15. Rd2 Nf8 16. h3 Ne6 17. Qf1 Bf8 18. Rad1 Qb8 {1-0 (76) Kovalenko,I (2640)-Dziuba,M (2568) Chess.com INT 2017}) 12. Bxf6 Nxf6 13. Bf3 Be6 14. Rfd1 Qd7 15. Nd2 Rfc8 16. h3 Qc6 17. Nf1 Bc4 18. Qd2 Bxf1 19. Kxf1 b5 20. axb5 axb5 21. Rxa8 Rxa8 22. Nd5 Nxd5 23. Qxd5 Rc8 24. Qxc6 Rxc6 $11 {[%emt 0:00:00][%mdl 4096] Endgame KRB-KRB} 25. c3 b4 26. cxb4 Rb6 27. Rc1 Rxb4 28. Rc7 Bg5 29. Be2 d5 (29... Rxe4 $2 30. Rc8+ Kh7 31. Bd3 $18) 30. exd5 Rxb2 31. Bd3 {[%emt 0:09:30] Inhibits Rb1+. White wants to mate with Rc8+.} g6 32. g3 Kg7 33. d6 {[%emt 0:01:30] Bc4 is the strong threat.} Bd8 {[%emt 0:03:30] [#] Loses the game.} (33... Rd2 $11 34. Bc4 Rxd6) 34. Bc4 $1 $18 g5 35. Rxf7+ Kg6 36. Rf8 Bf6 37. d7 {[%emt 0:05:25][%cal Of8f6] White threatens Rxf6+! and mate.} Rd2 38. Be6 Be7 39. Rf3 e4 {[%emt 0:06:56] [#]} 40. Bf5+ $1 Kg7 41. Rc3 (41. Bxe4 Rxd7 42. Ke2 Rd4 $14) 41... Kf6 42. g4 ({Less strong is} 42. Bxe4 Rxd7 43. Bf3 Rd2 $14) 42... Ke5 43. Rc8 h5 $2 (43... Rd1+ 44. Ke2 Rd6) 44. Re8 hxg4 45. hxg4 ({Weaker is} 45. Rxe7+ Kxf5 46. Ke1 Rd4 $11) 45... Kf6 46. Ke1 Rd4 47. Ke2 {[%emt 0:01:30] Black must now prevent Ke3.} Kf7 48. Rc8 {[%emt 0:00:30] Hoping for Ke3.} Bf6 49. Ke3 Rd6 50. Kxe4 Kg7 51. Re8 {[%emt 0:03:30] And now Be6 would win.} Kf7 {[%emt 0:00:00] Against Be6+} 52. Ke3 Bd4+ 53. Ke2 Bf6 54. Re4 Kg7 (54... Ra6 $142 55. Re8 Rd6) 55. f4 gxf4 56. Rxf4 Bg5 57. Rc4 Kf6 58. Kf3 Ke5 $2 (58... Ke7 59. Ra4 Kf7) 59. Re4+ {[%emt 0:00:30] White is clearly winning.} Kd5 60. Re8 {[%emt 0:00:30] aiming for Rg8.} Kd4 61. Rg8 Be7 62. Kf4 Kd5 {[%emt 0:02:30] Weighted Error Value: White=0.13 (very precise) /Black=0.18 (very precise)} 1-0

[Event "Croatian 1A League 2022"]
[Site "Porec"]
[Date "2022.09.24"]
[Round "1.8"]
[White "Livaic, Leon"]
[Black "Hracek, Zbynek"]
[Result "1-0"]
[ECO "B45"]
[WhiteElo "2565"]
[BlackElo "2556"]
[Annotator "TA"]
[PlyCount "131"]
[EventDate "2022.09.24"]
[EventType "team-tourn"]
[EventCountry "CRO"]
[SourceTitle "playchess.com"]
[Source "ChessBase"]
[SourceQuality "1"]
[TimeControl "40/5400+30:1800+30"]

1. e4 c5 2. Nf3 e6 3. d4 cxd4 4. Nxd4 Nf6 5. Nc3 Nc6 6. Nxc6 bxc6 7. e5 Nd5 8. Ne4 Qc7 9. f4 Qb6 10. c4 Bb4+ 11. Ke2 f5 12. Nf2 (12. exf6 $5 Nxf6 13. Be3 $14) 12... Ne7 {[%emt 0:00:00] B45: Sicilian Four Knights.} (12... Ba6 $11) 13. Nd3 $14 Bc5 {[%emt 0:04:30] Against Be3} ({Better is} 13... d5 $1 $14) 14. Nxc5 $16 Qxc5 {[%emt 0:00:30] White is better.} 15. b3 {[%emt 0:02:30] [#]} a5 $146 ({Predecessor:} 15... Qb6 16. Qd6 c5 17. Ba3 Ng6 18. Bxc5 Nxf4+ 19. Ke3 Qxd6 20. Bxd6 Ng6 21. b4 Bb7 {1-0 (38) Navara,D (2724)-Vocaturo,D (2615) Prague 2019}) 16. Be3 Qb4 17. Qd6 (17. a3 $1 $18 {[%cal Ra3b4] has better winning chances.} Qb8 18. g3) 17... Qxd6 18. exd6 Ng8 19. Kd2 Nf6 20. Bd3 Rg8 21. h3 h5 {[%emt 0:02:30] Inhibits g4.} 22. h4 {[%emt 0:11:11] White is much more active. The black rooks are badly placed.} c5 23. Bxc5 Bb7 24. Rhe1 Kf7 25. g3 Rgc8 (25... Ra6 $14) 26. Bd4 Rc6 27. c5 Ba6 {[%emt 0:05:30] Against Bb5} 28. Bxa6 Raxa6 29. Bxf6 gxf6 $18 {[%emt 0:00:30][%mdl 4096] Endgame KRR-KRR} 30. Rec1 Rc8 31. a3 $1 Rb8 (31... Rca8 $142 32. Kc3 Rg8) 32. Rab1 (32. b4 $18) 32... e5 $16 33. b4 axb4 34. axb4 ({Worse is} 34. Rxb4 Rba8 $11) 34... Ke6 35. Kc3 $1 Ra4 36. Kc4 Rb7 37. Rc3 Rb8 38. Rb2 Rb7 39. Rd3 Rb8 40. Kc3 (40. Rdd2 $16) 40... Rb7 $2 (40... Ra1 $1 $11) 41. Rd1 $18 Rb8 42. Rb3 $2 {[%emt 0:00:30] Against Ra3} (42. b5 $1 $18 {aiming for c6.} Rg8 43. Kb3) 42... Rc8 $14 43. Rd2 Rb8 (43... Ra1 $1 $14) 44. Rd3 Rc8 45. Rb1 (45. Kc4 $16) 45... Rb8 (45... Ra2 $1 $14) 46. Rb2 (46. Kc4 $16) 46... Rc8 (46... Rb7 $11) 47. Kb3 Rca8 48. Rb1 Ra3+ 49. Kc4 {[%emt 0:00:05] Rxa3 is the strong threat.} R3a4 (49... Rxd3 $14 50. Kxd3 Kd5) 50. Kc3 Rb8 $1 51. Rdd1 $1 Ra3+ 52. Rb3 Ra4 53. Rd2 (53. Kc4 $142) 53... Rba8 (53... Rc8 $142) 54. fxe5 ({White should try} 54. Kc4 $16) 54... fxe5 $11 55. Kc4 Rb8 56. Re2 Rb7 57. Rd2 Rb8 58. Rbb2 Rb7 59. Kc3 {[%emt 0:00:19] Black must now prevent Ra2.} Rb8 60. b5 {[%emt 0:01:34][%cal Bb4b5,Bb5b6,Bb6b7][%mdl 32] And now c6 would win.} Rc8 {[%emt 0:00:42] Inhibits c6. A mistake that costs the game.} (60... Ra3+ $11 61. Kc2 Ra5) 61. Kb3 $18 Rg4 {[%emt 0:04:16] [#]} (61... Raa8) 62. c6 $1 {[%emt 0:00:58][%cal Bc5c6,Bc6c7][%mdl 32] White is clearly winning.} Rxg3+ {[%emt 0:02:01] [#]} 63. Kc2 $1 {[%emt 0:00:04] Hoping for c7.} e4 64. c7 e3 {[%emt 0:00:31] [#]} 65. b6 $1 exd2 (65... Rg4 66. b7) 66. b7 {[%emt 0:00:02] Weighted Error Value: White=0.28 (precise) /Black=0.44} 1-0

[Event "Croatian 1A League 2022"]
[Site "Porec"]
[Date "2022.09.24"]
[Round "1.9"]
[White "Leventic, Ivan"]
[Black "Christiansen, Johan-Sebastian"]
[Result "0-1"]
[ECO "C47"]
[WhiteElo "2384"]
[BlackElo "2583"]
[Annotator "TA"]
[PlyCount "124"]
[EventDate "2022.09.24"]
[EventType "team-tourn"]
[EventCountry "CRO"]
[SourceTitle "playchess.com"]
[Source "ChessBase"]
[SourceQuality "1"]
[TimeControl "40/5400+30:1800+30"]

1. e4 e5 2. Nf3 Nc6 3. Nc3 Nf6 4. d4 exd4 5. Nxd4 Nxe4 6. Nxc6 {[%emt 0:28:30] C47: Scotch Four Knights and Four Knights with 4 g3.} (6. Nxe4 {with more complications.} Qe7 7. f3 d5 8. Bb5) 6... Nxc3 7. Nxd8 Nxd1 8. Nxf7 $1 {[%emt 0:00:00][%mdl 64] Decoy. The position is equal.} Kxf7 (8... Nxf2 9. Nxh8 Nxh1 10. Be3 $16) 9. Bc4+ Kf6 10. Kxd1 c6 {[%emt 0:01:30] [#]} 11. h4 $146 ({Predecessor:} 11. Be3 d5 12. Bb3 Bd6 13. c4 dxc4 14. Bxc4 Be5 15. Kc2 Bf5+ 16. Bd3 Bxd3+ 17. Kxd3 {0-1 (37) Gadimbayli,A (2470)-Mamedyarov,S (2770) Chess.com INT 2021}) 11... d5 12. Bg5+ Kf7 13. Bd3 h5 14. Kd2 Bc5 15. Rae1 Bd7 16. c3 Rhe8 17. Rxe8 Rxe8 18. Re1 Rxe1 19. Kxe1 $11 {[%emt 0:00:30][%mdl 4096] Endgame KBB-KBB} d4 20. Bd2 Be6 21. a3 Be7 22. cxd4 Bxh4 23. Be2 g6 24. Be3 Bf6 25. Kd2 Bd5 26. g3 Ke6 27. Bf1 (27. b4 $11 {keeps the balance.}) 27... g5 {[%emt 0:01:14] Black is more active.} 28. Bh3+ Kd6 29. Bc8 b6 ({Black should try} 29... b5 $17 {White must now prevent ...Be6.} 30. f4 g4) 30. f4 g4 31. Bf5 Be6 32. Be4 h4 33. gxh4 ({Wrong is} 33. f5 $2 Bd5 34. Bf4+ Ke7 35. Bxd5 cxd5 36. gxh4 Bxd4 $19) 33... Bxh4 {[%emt 0:00:11] Threatening ...Bd5.} 34. f5 Bd5 35. Bf4+ Ke7 36. Ke3 b5 37. Bb8 (37. b3 $1 $11 {remains equal.}) 37... Bg5+ $17 38. Kd3 $2 {[%emt 0:00:30][%mdl 8192] Loses the game.} (38. Bf4 $17 Kf6 39. Bxg5+ Kxg5 40. Bc2) 38... a5 $19 39. Be5 Bc1 40. Kc2 {[%emt 0:00:00] [#]} Be3 $1 ({Stronger than} 40... Bxe4+ 41. Kxc1 Bxf5 42. Bg3 $17) 41. f6+ Kf7 42. Bf5 {[%emt 0:00:23] [#]} Bf3 {[%emt 0:01:30] ...Bf2 is the strong threat.} 43. a4 $2 (43. Kd3 {was forced.} Bc1 44. Kc2) 43... bxa4 44. Kd3 Bc1 45. d5 $2 (45. Kc2 a3 46. bxa3 (46. Kxc1 $2 a2 $19) 46... Bxa3 47. Bd7) 45... cxd5 {[%emt 0:00:32] Hoping for ...Bg5.} 46. Bd7 a3 47. bxa3 Bxa3 48. Ke3 Bc1+ 49. Kf2 Bg5 50. Bc3 Bxf6 51. Bxa5 Bh4+ 52. Ke3 Bg5+ 53. Kd4 Bf6+ $2 (53... g3 {( -> ...g2)} 54. Bb6 g2) 54. Kc5 $2 (54. Ke3 Bg5+ 55. Kf2) 54... g3 {[%emt 0:01:33][%cal Bg4g3,Bg3g2][%mdl 32] Black is clearly winning.} 55. Be1 g2 56. Bf2 d4 57. Bb5 Be4 58. Be2 d3 59. Bg4 Be5 60. Bg1 Kg6 61. Be3 d2 62. Kc4 Bc2 {[%emt 0:00:35] Weighted Error Value: White=0.66/Black=0.08 (flawless)} 0-1